 Dungeon Crawl Stone Soup version 0.26-a0-259-g1effd001a9 (webtiles) character file.

Game seed: 12205222807996706118

295 Apogee the Magician (level 6, -2/32 HPs)
             Began as a Deep Elf Fire Elementalist on July 21, 2020.
             Was an Initiate of Vehumet.
             Slain by a lemure (8 damage)
             ... led by Pikel
             ... on level 4 of the Dungeon.
             The game lasted 00:08:41 (2724 turns).

Apogee the Magician (Deep Elf Fire Elementalist)    Turns: 2724, Time: 00:08:42

Health: -2/32      AC:  3    Str:  5    XL:     6   Next: 11%
Magic:  16/18      EV: 13    Int: 22    God:    Vehumet [......]
Gold:   161        SH:  0    Dex: 15    Spells: 12/19 levels left

rFire    . . .     SeeInvis .   n - +0 whip
rCold    . . .     Faith    .   (no shield)
rNeg     . . .     Spirit   .   a - +1 robe
rPois    .         Reflect  .   (no helmet)
rElec    .         Harm     .   (no cloak)
rCorr    .                      (no gloves)
MR       .....                  (no boots)
Stlth    ++........             (no amulet)
HPRegen  0.10/turn              (no ring)
MPRegen  0.16/turn              (no ring)

@: brilliant, lethally poisoned (-2 -> -12), about to teleport, stab
A: no striking features
a: Renounce Religion


You were on level 4 of the Dungeon.
You worshipped Vehumet.
Vehumet was noncommittal.
You were full.

You visited 1 branch of the dungeon, and saw 4 of its levels.

You collected 161 gold pieces.

Inventory:

Hand Weapons
 n - a +0 whip (weapon)
Armour
 a - a +1 robe (worn)
Jewellery
 k - a cursed -4 ring of intelligence {unknown}
Scrolls
 d - 2 scrolls of amnesia
 m - 2 scrolls of identify
 o - a scroll of teleportation
 p - a scroll of remove curse {unknown}
Potions
 e - a potion of stabbing
 f - 3 potions of might {unknown}
 g - a potion of curing {unknown}
 h - a potion of invisibility {unknown}
 i - a potion of heal wounds {unknown}
 l - a potion of ambrosia {unknown}
Comestibles
 c - 9 rations


   Skills:
 - Level 2.8 Dodging
 - Level 2.4 Stealth
 - Level 7.0 Spellcasting
 - Level 3.0 Conjurations
 + Level 0.1 Hexes
 - Level 4.2 Fire Magic


You had 12 spell levels left.
You knew the following spells:

 Your Spells              Type           Power        Failure   Level
a - Foxfire               Conj/Fire      ####         1%          1
b - Conjure Flame         Conj/Fire      #####...     5%          3
c - Inner Flame           Hex/Fire       ####....     10%         3

Your spell library contained the following spells:

 Spells                   Type           Power        Failure   Level
 Sticky Flame             Conj/Fire      #####...     19%         4
 Fireball                 Conj/Fire      #####.....   45%         5


Dungeon Overview and Level Annotations

Branches:
Dungeon (4/15)
 Temple: D:4-7

Altars:
Elyvilon
Gozag
Makhleb
Nemelex Xobeh
Ru
Vehumet
Xom
Yredelemnul
Zin

Annotations:
D:4 Pikel


Message History

It is a scroll of enchant armour.
Your +0 robe glows green for a moment.
The lemure hits you. The lemure hits you but does no damage.
The scorpion closely misses you.
As you read the scroll labeled JIODOU NUNODO, it crumbles to dust.
You feel strangely unstable.
It was a scroll of teleportation.
The lemure shouts!
The lemure hits you. The lemure completely misses you. The scorpion stings you!
* * * LOW HITPOINT WARNING * * *
You are lethally poisoned!
The scorpion poisons you!
It was a potion of brilliance.
You feel clever all of a sudden.
* * * LOW HITPOINT WARNING * * *
You feel sick. The lemure hits you but does no damage.
The lemure barely misses you. The scorpion barely misses you.
It was a potion of stabbing.
You feel ready to backstab.
* * * LOW HITPOINT WARNING * * *
You feel sick. The lemure hits you!
You die...

.. . .## ..#
#.# #.# #s#
######@#
#...K55#
#....5.#
###+#......#
#.....5....#
#..........#
#..........#
+....####+##
#....#


You could see Pikel, 4 lemures and a scorpion.

Vanquished Creatures
  Grinder (D:3)
  Jessica (D:3)
  2 adders (D:3)
  3 dart slugs
  A worm (D:2)
  A leopard gecko (D:1)
  A ball python (D:1)
  7 bats
  A giant cockroach (D:3)
  7 hobgoblins
  2 jackals (D:1)
  3 quokkas (D:2)
  2 frilled lizards
  4 goblins
  4 kobolds (D:2)
  8 rats
48 creatures vanquished.

Vanquished Creatures (others)
  130 foxfires
130 creatures vanquished.

Grand Total: 178 creatures vanquished

Notes
Turn   | Place    | Note
-------+----------+-------------------------------------------
     0 | D:1      | Apogee the Deep Elf Fire Elementalist began the quest for
                  | the Orb.
     0 | D:1      | Reached XP level 1. HP: 10/10 MP: 6/6
   391 | D:1      | Reached XP level 2. HP: 15/15 MP: 2/8
  1078 | D:2      | Reached XP level 3. HP: 19/19 MP: 5/10
  1345 | D:2      | Learned a level 3 spell: Conjure Flame
  1501 | D:2      | Found a sacrificial altar of Ru.
  1664 | D:2      | Found a basalt altar of Yredelemnul.
  1733 | D:2      | Found a white marble altar of Elyvilon.
  2000 | D:3      | Reached skill level 4 in Spellcasting
  2081 | D:3      | Noticed Grinder
  2090 | D:3      | Reached XP level 4. HP: 24/24 MP: 3/12
  2097 | D:3      | Killed Grinder
  2097 | D:3      | Reached skill level 6 in Spellcasting
  2097 | D:3      | Reached XP level 5. HP: 18/28 MP: 1/16
  2202 | D:3      | Reached XP level 6. HP: 26/32 MP: 13/17
  2329 | D:3      | Noticed Jessica
  2335 | D:3      | Killed Jessica
  2335 | D:3      | Reached skill level 7 in Spellcasting
  2367 | D:3      | Learned a level 3 spell: Inner Flame
  2520 | D:3      | Found a faded altar of an unknown god.
  2520 | D:3      | Found a sparkling altar of Nemelex Xobeh.
  2531 | D:3      | Found a burning altar of Makhleb.
  2533 | D:3      | Found a shimmering altar of Xom.
  2535 | D:3      | Found a radiant altar of Vehumet.
  2544 | D:3      | Became a worshipper of Vehumet
  2656 | D:3      | Found an opulent altar of Gozag.
  2657 | D:3      | Found a glowing silver altar of Zin.
  2707 | D:4      | Noticed Pikel
  2724 | D:4      | Slain by a lemure

Illustrated notes

Levels and vault maps discovered:
D:1:      dpeg_arrival_pond, layout_basic
D:2:      layout_loops_ring, kennysheep_ying_yang,
          nicolae_ru_the_path_less_chosen
D:3:      layout_loops_cross, grunt_temple_overflow_gold_and_silver,
          chequers_temple_overflow_minitemple, uniq_grinder, uniq_jessica
D:4:      layout_gridville, first_ration, fedhas_altar_4, uniq_pikel,
          uniq_eustachio, uniq_duvessa, uniq_ijyb

Skill      XL: |  1  2  3  4  5  6 |
---------------+-------------------+-----
Fire Magic     | 4 |  4.2
Spellcasting   | 4 6 7 |  7.0
Conjurations   | 2 3 |  3.0
Dodging        | |  2.8
Stealth        | |  2.4
Hexes          | |  0.1

Action                   |  1- 3 |  4- 6 || total
-------------------------+-------+-------++-------
Melee: Whip              |       |     7 ||     7
 Cast: Foxfire           |    71 |    12 ||    83
  Use: Scroll            |       |     3 ||     3
       Potion            |       |     2 ||     2
 Stab: Sleeping          |       |     1 ||     1
  Eat: Ration            |     1 |     2 ||     3
Armor: Robe              |     1 |     4 ||     5
Dodge: Dodged            |     8 |    12 ||    20

Table legend:
 A = Non-vault XP
 B = Vault XP
 C = Vault XP percentage of total XP
 D = Non-vault monster count
 E = Vault monster count
 F = Vault count percentage of total count
                 A         B        C        D         E       F
            +---------+---------+-------+---------+---------+-------
      Total |     104 |     318 |  75.4 |      46 |       2 |   4.2
            +---------+---------+-------+---------+---------+-------
        D:1 |      29 |       0 |   0.0 |      15 |       0 |   0.0
        D:2 |      32 |       0 |   0.0 |      18 |       0 |   0.0
        D:3 |      43 |     318 |  88.1 |      13 |       2 |  13.3
            +---------+---------+-------+---------+---------+-------
